 Seeded DCSS version 0.29.1-12-g30fa7ad0bf (webtiles) character file.

Game seed: 1 (custom seed)

6381 Kazon the Carver (level 10, -17/73 (74) HPs)
             Began as a Demonspawn Gladiator on Dec 14, 2022.
             Was a Follower of Okawaru.
             Demolished by a two-headed ogre
             ... wielding a +0 giant club
              (24 damage)
             ... on level 9 of the Dungeon.
             The game lasted 00:33:37 (6863 turns).

Kazon the Carver (Demonspawn Gladiator)             Turns: 6863, Time: 00:33:37

HP:   -17/73 (74)   AC: 13    Str: 25    XL:     10   Next: 65%
MP:   14/14         EV: 13    Int: 10    God:    Okawaru [*.....]
Gold: 404           SH:  5    Dex: 13    Spells: 9/9 levels left

rFire   . . .      SeeInvis .   s - +3 falchion of Winter {venom, rCorr}
rCold   + + .      Faith    .   c - +0 buckler
rNeg    + . .      Spirit   .   D - +3 leather armour {rC+}
rPois   .          Reflect  .   z - +0 helmet
rElec   .          Harm     .   (no cloak)
rCorr   +          Rampage  .   (no gloves)
Will    .....                   g - +2 pair of boots of Lugonu's Favour {Str+7 Dex-2}
Stlth   +++.......              h - amulet of the acrobat
HPRegen 0.22/turn               r - ring of positive energy
MPRegen 0.14/turn               b - ring of protection from cold

@: lightly drained
A: claws 2, yellow scales 1, powered by death 1, spiny 2
a: Renounce Religion, Heroism


You were on level 9 of the Dungeon.
You worshipped Okawaru.
Okawaru was aware of your devotion.
You visited 2 branches of the dungeon, and saw 10 of its levels.

You collected 630 gold pieces.
You spent 226 gold pieces at shops.

Inventory:

Hand Weapons
 e - a +2 dagger of venom
 s - the +3 falchion of Winter (weapon) {venom, rCorr}
   (You bought it in a shop on level 3 of the Dungeon)

   It poisons the flesh of those it strikes.
   rCorr:     It protects you from acid and corrosion.
Missiles
 d - 4 throwing nets
 l - a stone
 o - a javelin
 q - 14 boomerangs (quivered)
 A - 3 curare-tipped darts
 H - 8 poisoned darts
Armour
 c - a +0 buckler (worn)
 g - the +2 pair of boots of Lugonu's Favour (worn) {Str+7 Dex-2}
   (You acquired it on level 1 of the Dungeon)

   Str:       It affects your strength (+7).
   Dex:       It affects your dexterity (-2).
 z - a +0 helmet (worn)
 D - a +3 leather armour of cold resistance (worn)
Jewellery
 b - a ring of protection from cold (right claw)
 h - an amulet of the acrobat (around neck)
 r - a ring of positive energy (left claw)
 O - a ring of protection from cold
Wands
 y - a wand of mindburst (18)
 C - a wand of flame (13)
 F - a wand of paralysis (13)
 K - a wand of roots (6)
Scrolls
 i - 10 scrolls of identify
 n - 2 scrolls of immolation
 p - a scroll of poison {unknown}
 t - 3 scrolls of teleportation
 u - 3 scrolls of fog {unknown}
 v - 2 scrolls of noise {unknown}
 x - a scroll of magic mapping {unknown}
 E - 2 scrolls of enchant weapon {unknown}
 I - 3 scrolls of fear
 M - a scroll of summoning {unknown}
 N - a scroll of amnesia {unknown}
Potions
 a - a potion of ambrosia
 f - 2 potions of haste {unknown}
 j - 4 potions of attraction {unknown}
 k - 3 potions of flight {unknown}
 m - 4 potions of berserk rage {unknown}
 w - 5 potions of lignification {unknown}
 B - 2 potions of cancellation {unknown}
 G - 2 potions of curing
 J - a potion of might
Miscellaneous
 L - a condenser vane


   Skills:
 + Level 5.5 Fighting
 + Level 3.4(6.2) Short Blades
 + Level 8.2(8.6) Long Blades
 + Level 5.3 Throwing
 + Level 4.4 Armour
 + Level 5.6 Dodging
 + Level 5.1 Stealth
 + Level 3.4 Shields
 * Level 5.9 Invocations
 * Level 5.9 Evocations


You had 9 spell levels left.
You didn't know any spells.
Your spell library contained the following spells:

 Spells                   Type           Power      Damage    Failure   Level
 Apportation              Tloc           0%         N/A       50%         1
 Magic Dart               Conj           0%         1d3       50%         1
 Necrotise                Necr           0%         1d4       50%         1
 Sting                    Tmut/Pois      0%         1d3       50%         1
 Poisonous Vapours        Pois/Air       0%         N/A       63%         2
 Mephitic Cloud           Conj/Pois/Air  0%         N/A       86%         3
 Ozocubu's Armour         Ice            0%         N/A       86%         3
 Olgreb's Toxic Radiance  Pois           0%         N/A       99%         4
 Fireball                 Conj/Fire      0%         3d3       100%        5
 Iskenderun's Battlesphe  Conj           0%         2d6       100%        5
 Metabolic Englaciation   Hex/Ice        0%         N/A       100%        5
 Conjure Ball Lightning   Conj/Air       0%         3x3d6     100%        6
 Orb of Destruction       Conj           0%         9d5       100%        7
 Summon Small Mammal      Summ           Unusable   N/A       N/A         1
 Call Imp                 Summ           Unusable   N/A       N/A         2
 Simulacrum               Ice/Necr       Unusable   N/A       N/A         6

Dungeon Overview and Level Annotations

Branches:
Dungeon (9/15)             Temple (1/1) D:7
   Lair: D:8-11         Orc: D:9-12

Altars:
Ashenzari
Dithmenos
Gozag
Hepliaklqana
Makhleb
Nemelex Xobeh
Okawaru
Uskayaw
Xom

Shops:
D:3 (   D:8 ?(==


Innate Abilities, Weirdness & Mutations

You have very sharp fingernails.
You are partially covered in yellow scales. (AC +2)
You regenerate a little health from kills.
You are mostly covered in sharp spines.


Message History

You slash the wight!
You destroy the wight!
Okawaru accepts your kill.
Items here: )) [[.
O - a ring of protection from cold
Okay, then.
Things that are here:
a +4 mace of freezing; a +0 robe
Things that are here:
a +0 hand axe; a +0 robe
Found a stone staircase leading down.
Found a scroll labelled DYOVOE RUSYGI.
Found a stone staircase leading down.
u - 3 scrolls labelled DYOVOE RUSYGI (gained 1) HP restored.
Things that are here:
a +0 scale mail; a +4 short sword of freezing; a +0 mace A two-headed ogre comes into view.
It is wielding two +0 giant clubs.
The +3 falchion of Winter {venom, rCorr} stops dripping with poison.
Your +2 dagger of venom begins to drip with poison!
e - a +2 dagger of venom (weapon)
The two-headed ogre misses you. The two-headed ogre closely misses you.
You closely miss the two-headed ogre.
The two-headed ogre hits you with a +0 giant club!!
The two-headed ogre hits you with a +0 giant club!
You hit the two-headed ogre.
The two-headed ogre is poisoned.
The two-headed ogre is lightly wounded.
Your +2 dagger of venom stops dripping with poison.
The +3 falchion of Winter {venom, rCorr} begins to drip with poison!
s - the +3 falchion of Winter (weapon)
{venom, rCorr} You slash the two-headed ogre!
The two-headed ogre looks as sick as possible!
The two-headed ogre is lightly wounded.
The two-headed ogre hits you with a +0 giant club!
* * * LOW HITPOINT WARNING * * *
The two-headed ogre hits you with a +0 giant club!
* * * LOW HITPOINT WARNING * * *
The two-headed ogre attacks as you move away!
The two-headed ogre hits you with a +0 giant club!!
You die...

## ##.## #### ##...##
#..## #...O.## ##...#
##..@..# ###....##
###....#### #........
#.......#.### ##.......
...##........####...#.#.
.. #......#...#.>.####.
. ##.............####..
............#.#.#.##..
.. .....
##..........###...##..
..## #...####..........#
#.#.....


You could see a two-headed ogre (extremely poisoned).

Vanquished Creatures
  Maggie (D:6)
  Prince Ribbit (D:9)
  A shadow (D:9)
  A yak (D:6)
  2 wyverns
  Eustachio (D:5)
  2 steam dragons
  Menkaure (D:5)
  Edmund (D:6)
  4 water moccasins
  4 orc warriors
  An ice beast (D:8)
  5 sky beasts
  2 black bears (D:6)
  4 centaurs
  An ogre (D:6)
  2 phantoms (D:6)
  2 kobold brigands
  3 necrophages
  A bullfrog (D:7)
  A gnoll sergeant (D:7)
  5 scorpions
  14 wights
  A howler monkey (D:5)
  2 jellies (D:6)
  A hound (D:4)
  7 orc priests
  A gnoll bouda (D:7)
  6 iguanas
  An orc wizard (D:9)
  Robin (D:3)
  15 gnolls
  13 adders
  3 shadow imps
  2 white imps (D:7)
  An ufetubus (D:5)
  3 worms
  31 orcs
  11 endoplasms
  A giant cockroach (D:1)
  16 goblins
  9 hobgoblins
  A jackal (D:4)
  17 kobolds
  2 quokkas
  4 ball pythons
  4 bats
  3 frilled lizards
  6 rats
222 creatures vanquished.

Notes
Turn   | Place    | Note
-------+----------+-------------------------------------------
     0 | D:1      | Kazon the Demonspawn Gladiator began the quest for the Orb.
     0 | D:1      | Reached XP level 1. HP: 16/16 MP: 1/1
    34 | D:1      | Identified a scroll of acquirement
    34 | D:1      | Acquired the +2 pair of boots of Lugonu's Favour {Str+7
                  | Dex-2}
   311 | D:1      | Gained mutation: You are partially covered in sharp spines.
                  | [demonic ancestry]
   311 | D:1      | Reached XP level 2. HP: 22/22 MP: 2/2
   353 | D:1      | Reached skill level 3 in Long Blades
   843 | D:2      | Gained mutation: You regenerate a little health from kills.
                  | [demonic ancestry]
   843 | D:2      | Reached XP level 3. HP: 27/27 MP: 3/3
  1168 | D:2      | Reached XP level 4. HP: 18/34 MP: 4/4
  1196 | D:2      | Reached skill level 1 in Armour
  1365 | D:3      | Found Umat's Antique Weapon Boutique.
  1394 | D:3      | Bought a crude falchion for 184 gold pieces
  1394 | D:3      | Identified the +3 falchion of Winter {venom, rCorr} (You
                  | bought it in a shop on level 3 of the Dungeon)
  1498 | D:3      | Noticed Robin
  1510 | D:3      | Killed Robin
  1547 | D:3      | Reached XP level 5. HP: 25/39 MP: 5/5
  1718 | D:3      | Reached skill level 5 in Long Blades
  1718 | D:3      | Reached skill level 5 in Dodging
  1718 | D:3      | Reached XP level 6. HP: 49/49 MP: 5/9
  2522 | D:4      | Found a hazy altar of Hepliaklqana.
  2592 | D:4      | Gained mutation: You have sharp fingernails. [demonic
                  | ancestry]
  2592 | D:4      | Reached XP level 7. HP: 55/55 MP: 10/10
  2949 | D:5      | Entered Level 5 of the Dungeon
  3028 | D:5      | Noticed Eustachio
  3030 | D:5      | Killed Eustachio
  3039 | D:5      | Gained mutation: You have very sharp fingernails. [demonic
                  | ancestry]
  3039 | D:5      | Reached XP level 8. HP: 46/61 MP: 11/11
  3378 | D:5      | Noticed Menkaure
  3388 | D:5      | Killed Menkaure
  3389 | D:5      | Reached skill level 6 in Long Blades
  3422 | D:5      | Reached skill level 5 in Fighting
  4045 | D:6      | Noticed Maggie
  4051 | D:6      | Gained mutation: You are mostly covered in sharp spines.
                  | [demonic ancestry]
  4051 | D:6      | Reached XP level 9. HP: 67/68 MP: 12/12
  4062 | D:6      | Killed Maggie
  4184 | D:6      | Noticed Edmund
  4194 | D:6      | Killed Edmund
  4327 | D:6      | Reached skill level 7 in Long Blades
  4354 | D:6      | Reached skill level 5 in Evocations
  4479 | D:6      | Reached skill level 5 in Throwing
  4546 | D:7      | Found a hide-covered altar of Uskayaw.
  4577 | D:7      | Found a staircase to the Ecumenical Temple.
  4587 | Temple   | Entered the Ecumenical Temple
  4594 | Temple   | Became a worshipper of Warmaster Okawaru
  4891 | D:7      | Gained mutation: You are partially covered in yellow
                  | scales. (AC +2) [demonic ancestry]
  4891 | D:7      | Reached XP level 10. HP: 71/74 MP: 13/13
  4972 | D:7      | Reached skill level 5 in Invocations
  5215 | D:7      | Reached * piety under Okawaru
  5464 | D:8      | Found Quzidd's Magic Scroll Emporium.
  5471 | D:8      | Bought a scroll of teleportation for 42 gold pieces
  5687 | D:8      | Found Heidghoki's Jewellery Shop.
  5703 | D:8      | Found Zoxtaeshakh's Jewellery Boutique.
  5821 | D:8      | Reached skill level 5 in Stealth
  5924 | D:8      | Found Esumer's Weapon Shop.
  6080 | D:8      | Reached skill level 8 in Long Blades
  6517 | D:9      | Noticed Prince Ribbit
  6530 | D:9      | Killed Prince Ribbit
  6849 | D:9      | Noticed a two-headed ogre
  6863 | D:9      | Demolished by a two-headed ogre

Illustrated notes

Levels and vault maps discovered:
D:1:      dpeg_arrival_three_smaller_balls, layout_basic
D:2:      layout_loops_ring
D:3:      layout_basic, serial_shops, nicolae_shop_stone, st_stairs_9,
          minmay_misc_feat_doors, eino_curves_03, uniq_robin
D:4:      minmay_wonky_spiral, layout_basic,
          mainiacjoe_overflow_surrounded_room, minivault_5
D:5:      layout_cave_pods, uniq_menkaure, uniq_eustachio
D:6:      cheibrodos_barr_body, layout_basic, minmay_crystal_room,
          minmay_pentangle, uniq_maggie, uniq_edmund
D:7:      layout_cave_pools, nicolae_uskayaw_murder_on_the_dancefloor,
          elyvilon_altar_4, minmay_temple_entry_purple_smoke
D:8:      layout_basic, serial_shops, shop_statue, kennysheep_little_box, shop,
          nicolae_shop_window_shopping
D:9:      layout_cave_pools, uniq_prince_ribbit1
Temple:   nicolae_temple_bog_church

Skill      XL: |  1  2  3  4  5  6  7  8  9 10 |
---------------+-------------------------------+-----
Dodging        | 3 5 |  5.6
Long Blades    | 3 5 6 7 8 |  8.2
Armour         | 1 3 4 |  4.4
Fighting       | 4 5 |  5.5
Short Blades   | 3 |  3.4
Throwing       | 3 4 5 |  5.3
Stealth        | 3 4 5 |  5.1
Shields        | 3 |  3.4
Invocations    | 4 5 |  5.9
Evocations     | 3 4 5 |  5.9

Action                   |  1- 3 |  4- 6 |  7- 9 | 10-12 || total
-------------------------+-------+-------+-------+-------++-------
Melee: Long sword        |    56 |       |       |       ||    56
       Punch             |     1 |     1 |       |       ||     2
       Dagger            |    13 |    13 |       |    21 ||    47
       Falchion          |       |    62 |   258 |   147 ||   467
Throw: Stone             |     3 |    22 |    49 |    35 ||   109
       Boomerang         |       |       |     1 |    16 ||    17
       Dart              |       |       |     1 |     2 ||     3
Invok: Heroism           |       |       |       |     1 ||     1
Evoke: Wand              |       |       |     5 |       ||     5
  Use: Scroll            |     1 |       |     3 |     2 ||     6
       Potion            |       |     1 |     3 |       ||     4
 Stab: Sleeping          |       |     5 |     6 |     5 ||    16
       Paralysed         |       |       |     3 |       ||     3
Armor: Leather armour    |    18 |    12 |    58 |    25 ||   113
Dodge: Dodged            |    47 |    41 |   131 |    77 ||   296
Block: Buckler           |       |       |    31 |    32 ||    63
